 Dungeon Crawl Stone Soup version 0.21.1-1-g345015f (webtiles) character file.

1591 toucherabbit the Gusty (level 8, -4/59 HPs)
             Began as a Gnoll Air Elementalist on Mar 12, 2018.
             Was a Follower of Sif Muna.
             Shot with an arrow by a centaur (9 damage)
             ... on level 6 of the Dungeon.
             The game lasted 00:23:28 (5720 turns).

toucherabbit the Gusty (Gnoll Air Elementalist)     Turns: 5720, Time: 00:23:29

Health: -4/59      AC:  3    Str: 11    XL:     8   Next: 93%
Magic:  7/17       EV:  8    Int: 20    God:    Sif Muna [*.....]
Gold:   255        SH:  0    Dex: 15    Spells: 6/19 levels left

rFire    . . .     SeeInvis .   o - +1 shortbow
rCold    . . .     Gourm    .   (shield currently unavailable)
rNeg     . . .     Faith    .   a - +0 robe
rPois    .         Spirit   .   (no helmet)
rElec    .         Reflect  .   (no cloak)
rCorr    .         Harm     +   (no gloves)
MR       .....                  t - +0 pair of boots
Stlth    +++.......             w - amulet of harm
HPRegen  0.19/turn              (no ring)
MPRegen  0.15/turn              (no ring)

@: held
A: distributed training, fangs 1, strong nose
a: Divine Energy, Renounce Religion


You were on level 6 of the Dungeon.
You worshipped Sif Muna.
Sif Muna was aware of your devotion.
You were hungry.

You visited 2 branches of the dungeon, and saw 7 of its levels.

You collected 255 gold pieces.

Inventory:

Hand Weapons
 o - a +1 shortbow (weapon)
Missiles
 j - 6 tomahawks
 p - 84 arrows (quivered)
Armour
 a - a +0 robe (worn)
 t - a +0 pair of boots (worn)
Jewellery
 s - a +2 amulet of reflection
 w - an amulet of harm (around neck)
Scrolls
 c - a scroll of fear {unknown}
 d - a scroll of enchant armour {unknown}
 e - 3 scrolls of magic mapping
 g - 2 scrolls of teleportation {unknown}
 i - a scroll of random uselessness {unknown}
 m - 3 scrolls of remove curse
 n - a scroll of blinking {unknown}
 q - a scroll of immolation {unknown}
 r - 4 scrolls of identify
 u - a scroll of amnesia {unknown}
 x - a scroll of fog
Potions
 f - a potion of cancellation
 h - 4 potions of curing
 k - a potion of lignification {unknown}
 l - a potion of agility {unknown}
 z - a potion of heal wounds {unknown}
 A - 2 potions of brilliance {unknown}
Books
 b - a book of Air

   Spells                             Type                      Level
   a - Shock                          Conjuration/Air              1
   b - Swiftness                      Charms/Air                   2
   c - Static Discharge               Conjuration/Air              3
   d - Airstrike                      Air                          4
   e - Lightning Bolt                 Conjuration/Air              5
Comestibles
 v - 3 rations


   Skills:
 + Level 3.6 Fighting
 + Level 3.6 Short Blades
 + Level 3.6 Long Blades
 + Level 3.6 Axes
 + Level 3.6 Maces & Flails
 + Level 3.6 Polearms
 + Level 3.6 Staves
 + Level 3.6 Slings
 + Level 3.6 Bows
 + Level 3.6 Crossbows
 + Level 3.6 Throwing
 + Level 3.6 Armour
 + Level 5.9 Dodging
 + Level 5.6 Stealth
 + Level 3.6 Shields
 + Level 3.6 Unarmed Combat
 + Level 6.2 Spellcasting
 + Level 3.7 Conjurations
 + Level 3.0 Hexes
 + Level 3.0 Charms
 + Level 3.0 Summonings
 + Level 3.0 Necromancy
 + Level 3.0 Translocations
 + Level 3.0 Transmutations
 + Level 3.0 Fire Magic
 + Level 3.0 Ice Magic
 + Level 6.2 Air Magic
 + Level 3.0 Earth Magic
 + Level 3.0 Poison Magic
 + Level 4.0 Invocations
 + Level 3.6 Evocations


You had 6 spell levels left.
You knew the following spells:

 Your Spells              Type           Power        Failure   Level  Hunger
a - Shock                 Conj/Air       ####         1%          1    None
b - Lightning Bolt        Conj/Air       ####......   34%         5    #####..
c - Static Discharge      Conj/Air       ####....     3%          3    ##.....
d - Airstrike             Air            ####......   8%          4    ####...


Dungeon Overview and Level Annotations

Branches:
Dungeon (6/15)             Temple (1/1) D:4

Altars:
Cheibriados
Dithmenos
Elyvilon
Gozag
Kikubaaqudgha
Qazlal
Ru
Sif Muna
Trog
Uskayaw
Vehumet
Wu Jian
Zin
The Shining One

Shops:
D:5 *


Innate Abilities, Weirdness & Mutations

Your experience applies equally to all skills.
You have very sharp teeth.
Your uncanny sense of smell can sniff out nearby items.


Message History

The centaur shoots an arrow.
The arrow closely misses you.
Casting: Shock
Confirm with . or Enter, or press ? or * to list all spells.
Aiming: Shock
Press: ? - help, Shift-Dir - straight line, f/p - centaur
Aim: a centaur, wielding a shortbow (lightly wounded)
The zap hits the centaur.
The centaur is heavily wounded.
The centaur shoots an arrow.
The arrow hits you!!
Casting: Shock
Confirm with . or Enter, or press ? or * to list all spells.
Aiming: Shock
Press: ? - help, Shift-Dir - straight line, f/p - centaur
Aim: a centaur, wielding a shortbow (heavily wounded)
The zap hits the centaur.
The centaur is severely wounded.
The centaur shoots an arrow.
The arrow hits you!
* * * LOW HITPOINT WARNING * * *
The centaur shoots an arrow.
The arrow hits you!
You die...

#........########.
#.......## #. .
#.......# #. .c
##.....## ##. ...
##.....## ##.. ....###
#.##†..######...
...%...##.###......#(...
....g..#..###.####....##
...g...@.......# ###..#
######.........# ###..##
#..........###.†....
∆((.#...........†###..
...##.................
..... ..................
#### ######..........##
#####.).......##
#...............#


You could see a centaur and 2 gnolls.

Vanquished Creatures
  Sigmund (D:3)
  4 ogres
  The ghost of thechecker02 the Poker, an amateur HuCK of Xom (D:3)
  2 centaurs
  Blork the orc (D:5)
  A scorpion (D:4)
  2 crimson imps (D:5)
  A bullfrog zombie (D:5)
  2 hounds
  4 orc priests
  A centaur skeleton (D:4)
  2 iguanas
  2 bullfrog skeletons
  4 worker ants
  7 adders
  4 gnolls (D:6)
  4 shadow imps
  An adder zombie (D:5)
  An adder skeleton (D:6)
  3 worms
  3 dart slugs
  4 leopard geckos
  18 orcs
  2 giant cockroaches
  4 goblins
  5 hobgoblins
  13 jackals
  3 quokkas
  A ball python (D:1)
  5 bats
  A frilled lizard (D:3)
  6 kobolds
  A leopard gecko zombie (D:5)
  2 quokka skeletons
  7 rats
123 creatures vanquished.

Vanquished Creatures (others)
  An orc warrior (D:6)
  An ogre (D:6)
  A hound (D:6)
  A gnoll shaman (D:6)
  A hound zombie (D:6)
5 creatures vanquished.

Grand Total: 128 creatures vanquished

Notes
Turn   | Place    | Note
-------+----------+-------------------------------------------
     0 | D:1      | toucherabbit the Gnoll Air Elementalist began the quest for the Orb.
     0 | D:1      | Reached XP level 1. HP: 13/13 MP: 6/6
   272 | D:1      | Reached XP level 2. HP: 19/19 MP: 5/7
   862 | D:2      | Found an opulent altar of Gozag.
   915 | D:2      | Reached skill level 5 in Spellcasting
   915 | D:2      | Reached XP level 3. HP: 25/25 MP: 5/9
  1154 | D:2      | Reached skill level 1 in Fighting
  1154 | D:2      | Reached skill level 1 in Short Blades
  1154 | D:2      | Reached skill level 1 in Long Blades
  1154 | D:2      | Reached skill level 1 in Axes
  1154 | D:2      | Reached skill level 1 in Maces & Flails
  1154 | D:2      | Reached skill level 1 in Polearms
  1154 | D:2      | Reached skill level 1 in Staves
  1154 | D:2      | Reached skill level 1 in Slings
  1154 | D:2      | Reached skill level 1 in Bows
  1154 | D:2      | Reached skill level 1 in Crossbows
  1154 | D:2      | Reached skill level 1 in Throwing
  1154 | D:2      | Reached skill level 1 in Armour
  1154 | D:2      | Reached skill level 1 in Shields
  1154 | D:2      | Reached skill level 1 in Unarmed Combat
  1154 | D:2      | Reached skill level 1 in Invocations
  1154 | D:2      | Reached skill level 1 in Evocations
  1154 | D:2      | Reached XP level 4. HP: 24/32 MP: 3/11
  1193 | D:2      | Noticed a centaur
  1200 | D:2      | Killed a centaur
  1200 | D:2      | Reached skill level 1 in Hexes
  1200 | D:2      | Reached skill level 1 in Charms
  1200 | D:2      | Reached skill level 1 in Summonings
  1200 | D:2      | Reached skill level 1 in Necromancy
  1200 | D:2      | Reached skill level 1 in Translocations
  1200 | D:2      | Reached skill level 1 in Transmutations
  1200 | D:2      | Reached skill level 1 in Fire Magic
  1200 | D:2      | Reached skill level 1 in Ice Magic
  1200 | D:2      | Reached skill level 1 in Earth Magic
  1200 | D:2      | Reached skill level 1 in Poison Magic
  1200 | D:2      | Reached XP level 5. HP: 14/37 MP: 1/12
  1486 | D:3      | Noticed thechecker02's ghost (amateur HuCK)
  1532 | D:2      | Learned a level 5 spell: Lightning Bolt
  1536 | D:2      | Learned a level 3 spell: Static Discharge
  1541 | D:2      | Learned a level 4 spell: Airstrike
  2251 | D:3      | Reached XP level 6. HP: 41/44 MP: 6/13
  2647 | D:3      | Noticed Sigmund
  2654 | D:3      | Killed Sigmund
  2654 | D:3      | Reached skill level 5 in Dodging
  3063 | D:3      | Killed thechecker02's ghost
  3063 | D:3      | Reached XP level 7. HP: 35/50 MP: 1/15
  3675 | D:4      | Reached skill level 5 in Stealth
  3725 | D:4      | Found a staircase to the Ecumenical Temple.
  3761 | Temple   | Entered the Ecumenical Temple
  3963 | Temple   | Became a worshipper of Sif Muna the Loreminder
  4127 | D:5      | Entered Level 5 of the Dungeon
  4133 | D:5      | Reached XP level 8. HP: 47/57 MP: 0/16
  4268 | D:5      | Noticed Blork the orc
  4311 | D:5      | Killed Blork the orc
  4986 | D:5      | Reached * piety under Sif Muna
  5015 | D:5      | Found Fikupn's General Store.
  5720 | D:6      | Shot with an arrow by a centaur

Skill      XL: |  1  2  3  4  5  6  7  8 |
---------------+-------------------------+-----
Conjurations   | 2 3 |  3.7
Spellcasting   | 5 6 |  6.2
Fighting       | 1 2 3 |  3.6
Short Blades   | 1 2 3 |  3.6
Long Blades    | 1 2 3 |  3.6
Axes           | 1 2 3 |  3.6
Maces & Flails | 1 2 3 |  3.6
Polearms       | 1 2 3 |  3.6
Staves         | 1 2 3 |  3.6
Slings         | 1 2 3 |  3.6
Bows           | 1 2 3 |  3.6
Crossbows      | 1 2 3 |  3.6
Throwing       | 1 2 3 |  3.6
Armour         | 1 2 3 |  3.6
Shields        | 1 2 3 |  3.6
Unarmed Combat | 1 2 3 |  3.6
Invocations    | 1 2 3 4 |  4.0
Evocations     | 1 2 3 |  3.6
Hexes          | 1 2 3 |  3.0
Charms         | 1 2 3 |  3.0
Summonings     | 1 2 3 |  3.0
Necromancy     | 1 2 3 |  3.0
Translocations | 1 2 3 |  3.0
Transmutations | 1 2 3 |  3.0
Fire Magic     | 1 2 3 |  3.0
Ice Magic      | 1 2 3 |  3.0
Earth Magic    | 1 2 3 |  3.0
Poison Magic   | 1 2 3 |  3.0
Dodging        | 5 |  5.9
Stealth        | 5 |  5.6
Air Magic      | 6 |  6.2

Action                   |  1- 3 |  4- 6 |  7- 9 || total
-------------------------+-------+-------+-------++-------
 Fire: Shortbow          |       |     5 |    78 ||    83
 Cast: Shock             |    44 |    44 |   165 ||   253
       Static Discharge  |       |    23 |    29 ||    52
       Lightning Bolt    |       |     1 |       ||     1
  Use: Scroll            |       |       |     4 ||     4
       Potion            |       |       |     3 ||     3
  Eat: Chunk             |       |     5 |     9 ||    14
       Ration            |       |     1 |       ||     1
Armor: Robe              |       |     3 |     8 ||    11
Dodge: Dodged            |     2 |    33 |    62 ||    97
Block: Other             |       |     1 |     6 ||     7
